 Dungeon Crawl Stone Soup version 0.30-b1-2-g02819fbbbe (webtiles) character file.

Game seed: 11821168783755813440

18 quarry the Shield-Bearer (level 2, -7/27 HPs)
             Began as a Minotaur Fighter on May 8, 2023.
             Mangled by a gnoll
             ... wielding a +2 heavy flail
              (18 damage)
             ... on level 1 of the Dungeon.
             The game lasted 00:00:41 (291 turns).

quarry the Shield-Bearer (Minotaur Fighter)          Turns: 291, Time: 00:00:41

Health: -7/27      AC:  7    Str: 20    XL:     2   Next: 51%
Magic:  1/1        EV:  6    Int:  5    God:
Gold:   14         SH:  4    Dex:  9    Spells: 1/1 levels left

rFire   . . .        a - +0 long sword
rCold   . . .        c - +0 buckler
rNeg    . . .        b - +0 scale mail
rPois   .            (helmet restricted)
rElec   .            (no cloak)
rCorr   .            (no gloves)
SInv    .            (no boots)
Will    .....        (no amulet) Stlth
                     (no ring)
HPRegen 0.24/turn    (no ring)
MPRegen 0.07/turn

%: no passive effects
@: constricted
A: horns 2, retaliatory headbutt
a: no special abilities


You were on level 1 of the Dungeon.
You visited 1 branch of the dungeon, and saw 1 of its levels.

You collected 14 gold pieces.

Inventory:

Hand Weapons
 a - a +0 long sword (weapon)
Armour
 b - a +0 scale mail (worn)
 c - a +0 buckler (worn)
Jewellery
 f - a ring of willpower
Scrolls
 e - a scroll of identify {unknown}
Potions
 d - a potion of might


   Skills:
 + Level 3.9 Fighting
 + Level 2.8 Long Blades
 + Level 3.9 Armour
 + Level 4.0 Shields


You had one spell level left.
You didn't know any spells.
Your spell library was empty.

Dungeon Overview and Level Annotations

Branches:
Dungeon (1/15)

Altars:


Innate Abilities, Weirdness & Mutations

You have a pair of horns on your head.
You reflexively headbutt those who attack you in melee.


Message History

You escape the ball python's grasp.
The ball python attacks as you move away!
You block the ball python's attack. The ball python closely misses you.
The hobgoblin hits you but does no damage.
A gnoll comes into view. It is wielding a +2 heavy flail.
The ball python bites you but does no damage.
The ball python grabs you. The ball python constricts you.
The hobgoblin hits you.
You barely miss the hobgoblin.
The ball python bites you but does no damage.
The ball python constricts you.
The ball python bites you but does no damage.
The ball python constricts you. You block the hobgoblin's attack.
You hit the hobgoblin but do no damage.
The ball python bites you but does no damage.
The ball python constricts you.
The hobgoblin hits you but does no damage.
The ball python bites you but does no damage.
The ball python constricts you.
You hit the hobgoblin. You headbutt the hobgoblin.
You kill the hobgoblin!
You block the ball python's attack. The ball python constricts you.
You escape the ball python's grasp.
The ball python bites you but does no damage.
The ball python grabs you. The ball python constricts you.
You closely miss the ball python. Your headbutt misses the ball python.
The ball python bites you but does no damage.
The ball python constricts you.
The ball python bites you but does no damage.
The ball python constricts you.
You closely miss the ball python. Your headbutt misses the ball python.
The gnoll hits you with a +2 heavy flail!
The ball python bites you but does no damage.
The ball python constricts you.
You slash the gnoll! Your headbutt misses the gnoll.
The gnoll is heavily wounded.
The ball python bites you. The ball python constricts you.
The gnoll hits you with a +2 heavy flail!!
Ouch! That really hurt!
You die...

............
...........#
...........#
..?........#
...........## ##.
............## #..
.............# #.#
#......g.#.#.#### #.#
#.>....@S#.# ...# #.#
#..........####.###.#
#................##.####
#..........###.........#
#####.###..# ###.##.##..
#. #..# #.##[##.. #.
#..# #........ #. ##.#
###...### #.. #...##


You could see a gnoll and a ball python.

Vanquished Creatures
  2 dart slugs (D:1)
  2 ball pythons (D:1)
  An endoplasm (D:1)
  A giant cockroach (D:1)
  2 goblins (D:1)
  2 hobgoblins (D:1)
  A quokka (D:1)
  A frilled lizard (D:1)
12 creatures vanquished.

Notes
Turn   | Place    | Note
-------+----------+-------------------------------------------
     0 | D:1      | quarry the Minotaur Fighter began the quest for the Orb.
     0 | D:1      | Reached XP level 1. HP: 19/19 MP: 0/0
   183 | D:1      | Reached XP level 2. HP: 22/27 MP: 1/1
   282 | D:1      | Reached skill level 4 in Shields
   291 | D:1      | Mangled by a gnoll

Illustrated notes

Levels and vault maps discovered:
D:1:      kilobyte_arrival_exit_the_forest, layout_rooms, hangedman_decor_push

Skill      XL: |  1  2 |
---------------+-------+-----
Shields        | 4 |  4.0
Fighting       | |  3.9
Long Blades    | |  2.8
Armour         | |  3.9

Action                     || total
---------------------------++-------
  Melee: Long sword        ||    23
         Headbutt          ||     5
 Armour: Scale mail        ||    16
  Dodge: Dodged            ||    11
  Block: Buckler           ||     9
